[Event "ICCopen2017"]
[Site "Internet Chess Club"]
[Date "2017.03.19"]
[Round "5"]
[White "Alright2015"]
[Black "Revolutions"]
[Result "0-1"]
[ICCResult "White checkmated"]
[WhiteElo "2233"]
[BlackElo "1835"]
[Opening "Réti opening"]
[ECO "A04"]
[NIC "QP.10"]
[Time "20:00:17"]
[TimeControl "180+0"]

1. Nf3 c5 2. b3 e6 3. c4 Nf6 4. e3 Be7 5. g3 O-O 6. Bg2 Nc6 7. O-O d5 8. Qe2
Re8 9. Bb2 h6 10. d3 a6 11. Na3 Bd7 12. Rad1 Rb8 13. Ne1 Qa5 14. g4 Nh7 15.
f4 Bf6 16. Nf3 Bxb2 17. Qxb2 b5 18. Qc1 bxc4 19. bxc4 Rb4 20. Nc2 Ra4 21.
cxd5 exd5 22. a3 Bxg4 23. h3 Bxf3 24. Bxf3 Ne7 25. Qb2 Nf6 26. Kh1 Ng6 27.
Rg1 d4 28. exd4 cxd4 29. Nxd4 Rxa3 30. f5 Ne5 31. Nc6 Ra2 32. Qd4 Nxf3 33.
Qf4 Qd5 34. Nb4 Ree2 35. Nxa2 Rh2+ 36. Qxh2 Nxh2+ 37. Kxh2 Qxa2+ 38. Rg2 Qb3
39. Rdg1 Nh5 40. Rd2 Qb8+ 41. Kh1 Qf4 42. Rdg2 Qh4 43. Kh2 f6 44. d4 Qf4+
45. Kh1 Qxd4 46. Rf1 Qe4 47. Kg1 Nf4 48. Rg3 Ne2+ 49. Kh2 Nxg3 50. Kxg3 Qe5+
51. Kg2 Qd5+ 52. Kg1 Qd4+ 53. Rf2 Qd5 54. Kh2 Qe5+ 55. Kg2 Qe4+ 56. Kf1 Qd4
57. Re2 Qc4 58. Kf2 Qb5 59. Re3 Kh7 60. Rf3 Qc5+ 61. Kg3 Qb5 62. Kf2 Qb7 63.
Kg3 Qb8+ 64. Kf2 Qb7 65. Kg3 Qb6 66. Kg2 Qb5 67. Rf2 a5 68. Rf3 a4 69. Kg3
Qb4 70. Rf4 Qb3+ 71. Rf3 a3 72. Kg4 a2 73. Rf4 a1=Q 74. Rf3 Qg1+ 75. Rg3
Qgxg3+ 76. Kh5 Qxh3# {White checkmated} 0-1

[Event "ICCopen2017"]
[Site "Internet Chess Club"]
[Date "2017.03.19"]
[Round "5"]
[White "nikenwidiartto"]
[Black "playwaycool"]
[Result "0-1"]
[ICCResult "White resigns"]
[WhiteElo "1793"]
[BlackElo "2254"]
[Opening "Scotch gambit: Dubois-Réti defense"]
[ECO "C55"]
[NIC "KP.02"]
[Time "20:00:35"]
[TimeControl "180+0"]

1. e4 e5 2. Nf3 Nc6 3. d4 exd4 4. Bc4 Nf6 5. e5 Ne4 6. Bd5 Nc5 7. O-O Ne6 8.
Re1 Be7 9. Nbd2 O-O 10. Nb3 d6 11. Bxc6 bxc6 12. Nbxd4 Nxd4 13. Nxd4 Bd7 14.
e6 fxe6 15. Nxe6 Bxe6 16. Rxe6 Bf6 17. Qe2 Qd7 18. c3 Rae8 19. Re3 d5 20.
Bd2 c5 21. Re1 Rxe3 22. Bxe3 d4 23. Rd1 Rd8 24. Qc4+ Qd5 25. Qxd5+ Rxd5 26.
Kf1 c6 27. c4 Rd7 28. Bf4 Kf7 29. Ke2 Rb7 30. b3 a5 31. Kd3 a4 32. Rb1 Ke6
33. Kc2 g5 34. Bg3 Ra7 35. f3 h5 36. h3 Kf5 37. Bd6 Ra5 38. Kd3 Ke6 39. Bf8
Kf7 40. Bd6 Be7 41. Be5 Ke6 42. Bg3 axb3 43. axb3 Ra2 44. Re1+ Kf7 45. Re2
Ra3 46. Kc2 h4 47. Be5 Ra2+ 48. Kd3 Ra3 49. Rb2 Ra1 50. Ke4 Re1+ 51. Kf5 d3
52. Bc3 Re2 53. Rd2 Bd6 54. Kg4 Bf4 55. Rxe2 dxe2 56. Kf5 Bg3 {White
resigns} 0-1

[Event "ICCopen2017"]
[Site "Internet Chess Club"]
[Date "2017.03.19"]
[Round "5"]
[White "TrendFriend"]
[Black "Ancient"]
[Result "1-0"]
[ICCResult "Black forfeits on time"]
[WhiteElo "2455"]
[BlackElo "2013"]
[Opening "French: Tarrasch, Guimard main line"]
[ECO "C04"]
[NIC "FR.15"]
[Time "20:00:23"]
[TimeControl "180+0"]

1. e4 e6 2. d4 d5 3. Nd2 Nc6 4. Ngf3 Nf6 5. e5 Nd7 6. Bb5 a6 7. Bxc6 bxc6 8.
O-O Be7 9. Re1 O-O 10. c4 f6 11. exf6 Nxf6 12. Ne5 Qe8 13. Qc2 Bd6 14. Ndf3
Ne4 15. Be3 Qh5 16. Qe2 c5 17. Ng5 Qxe2 18. Rxe2 Nxg5 19. Bxg5 cxd4 20. Nc6
d3 21. Rd2 dxc4 22. Rc1 e5 23. Rxc4 Be6 24. Rc1 e4 25. b3 Rf5 26. Be3 a5 27.
Nd4 Rf6 28. h3 Bf7 29. Nc6 Ra6 30. g3 Ba3 31. Rc3 Rfxc6 32. Rxc6 Rxc6 33. f3
exf3 34. Kf2 h6 35. Rxd3 Bc5 36. Kxf3 Bxe3 37. Kxe3 Rc2 38. a3 Rb2 39. b4
Rb3 40. Rxb3 Bxb3 41. bxa5 Bd5 42. Kd4 Bb7 43. Ke5 Kf7 44. h4 Ke7 45. g4 Ba6
46. Kf5 c5 47. Ke5 c4 48. Kd4 Kf6 49. h5 Kg5 50. Kc3 Kxg4 51. Kb4 Kxh5 52.
Kc3 Kg6 53. Kd4 h5 54. Kc3 {Black forfeits on time} 1-0

[Event "ICCopen2017"]
[Site "Internet Chess Club"]
[Date "2017.03.19"]
[Round "5"]
[White "x22"]
[Black "wagnerbi"]
[Result "0-1"]
[ICCResult "White checkmated"]
[WhiteElo "2339"]
[BlackElo "1944"]
[Opening "Sicilian defense"]
[ECO "B32"]
[NIC "SI.31"]
[Time "20:01:54"]
[TimeControl "180+0"]

1. e4 c5 2. Nf3 Nc6 3. d4 cxd4 4. c3 dxc3 5. Nxc3 d6 6. Bc4 Nf6 7. O-O g6 8.
e5 dxe5 9. Qxd8+ Nxd8 10. Nxe5 a6 11. Rd1 e6 12. Rxd8+ Kxd8 13. Nxf7+ Ke7
14. Nxh8 Bg7 15. Nxg6+ hxg6 16. Bg5 Bd7 17. Rd1 Rc8 18. Bd3 Bc6 19. Bxg6 Rg8
20. h4 Bh8 21. Be4 Kf7 22. Bxc6 bxc6 23. g3 Nd5 24. Na4 Rb8 25. b3 Rb4 26.
Nc5 a5 27. Re1 Nc7 28. Bf4 Nd5 29. Nxe6 a4 30. bxa4 Rxa4 31. Nd8+ Kg6 32.
Be5 Bxe5 33. Rxe5 Nf6 34. Nxc6 Rxa2 35. Ne7+ Kf7 36. Nf5 Ng4 37. Nd6+ Kf6
38. Rf5+ Ke6 39. Rf4 Ne5 40. Ne4 Nd3 41. Ng5+ Ke5 42. Rf3 Kd4 43. Rf7 Ra1+
44. Kg2 Ne1+ 45. Kh3 Nd3 46. f3 Ne5 47. Rf5 Nd3 48. Kg4 Nf2+ 49. Kh5 Nd3 50.
g4 Ra6 51. Rf7 Ke5 52. Re7+ Kf6 53. Re6+ Kg7 54. Rxa6 Nf4# {White
checkmated} 0-1

[Event "ICCopen2017"]
[Site "Internet Chess Club"]
[Date "2017.03.19"]
[Round "5"]
[White "ural"]
[Black "penguingm1"]
[Result "0-1"]
[ICCResult "White resigns"]
[WhiteElo "2471"]
[BlackElo "2842"]
[Opening "KGA: bishop's gambit, Steinitz defense"]
[ECO "C33"]
[NIC "KG.03"]
[Time "20:01:19"]
[TimeControl "180+0"]

1. e4 e5 2. f4 exf4 3. Bc4 Ne7 4. Nf3 d5 5. exd5 Nxd5 6. O-O Nc6 7. d4 Bg4
8. c3 Be7 9. Bxd5 Qxd5 10. Bxf4 O-O-O 11. Qb3 Rhe8 12. Qxd5 Rxd5 13. Nbd2
Rdd8 14. Rae1 Bf5 15. Re3 Bf6 16. Rfe1 Rxe3 17. Rxe3 Ne7 18. Bg5 Nd5 19. Re1
Bxg5 20. Nxg5 f6 21. Ngf3 Kd7 22. Nc4 Nf4 23. g3 Nd5 24. Kf2 Bd3 25. Ne3
Nxe3 26. Rxe3 Bg6 27. b3 b6 28. c4 c6 29. Nd2 Kc7 30. Ke2 Rxd4 31. Nf3 Rd7
32. g4 Bb1 33. a3 h6 34. h4 Bc2 35. g5 hxg5 36. hxg5 a5 37. gxf6 gxf6 38.
Ne1 Bd1+ 39. Kf2 Rd2+ 40. Kg3 Rb2 41. Kf4 Rxb3 42. Re6 Rxa3 43. Rxf6 Rc3 44.
Rf7+ Kd6 45. Rb7 Kc5 46. Ng2 Rxc4+ 47. Ke5 Bc2 48. Ne3 Re4+ 49. Kf6 Rxe3 50.
Ra7 Bb3 {White resigns} 0-1

[Event "ICCopen2017"]
[Site "Internet Chess Club"]
[Date "2017.03.19"]
[Round "5"]
[White "charlestehace"]
[Black "ibarra"]
[Result "1/2-1/2"]
[ICCResult "Game drawn because both players ran out of time"]
[WhiteElo "3191"]
[BlackElo "2709"]
[Opening "Sicilian: Scheveningen (Paulsen), classical variation"]
[ECO "B84"]
[NIC "SI.23"]
[Time "20:00:14"]
[TimeControl "180+0"]

1. e4 c5 2. Nf3 d6 3. d4 cxd4 4. Nxd4 Nf6 5. Nc3 a6 6. Be2 e6 7. O-O b5 8.
Bf3 Ra7 9. a4 b4 10. Na2 e5 11. Nb3 Nc6 12. Be3 Rb7 13. c4 bxc3 14. Nxc3 Be6
15. Nd5 Be7 16. a5 O-O 17. Bb6 Qd7 18. Qd3 Ra8 19. Rfc1 Bd8 20. Bxd8 Bxd5
21. exd5 Nxd8 22. Nd2 Rc7 23. Rxc7 Qxc7 24. Nc4 Nd7 25. Bg4 Nf6 26. Nb6 Ra7
27. Bh3 g6 28. Qd2 Ne4 29. Qe3 f5 30. Rc1 Qf7 31. Rc8 Qe7 32. b4 Rc7 33. Ra8
Rc3 34. Qe1 Qg5 35. Rc8 Rxh3 36. Rxd8+ Qxd8 37. gxh3 Qg5+ 38. Kh1 Qh4 39.
Kg2 Qg5+ 40. Kh1 Qh4 41. Kg2 Ng5 42. Qc3 Qe4+ 43. Kf1 Nf3 44. b5 Qb1+ 45.
Ke2 Nd4+ 46. Kd2 Qxb5 47. Qc8+ Kg7 48. Qd7+ Qxd7 49. Nxd7 Nb3+ 50. Kc3 Nxa5
51. Kb4 Nb7 52. Nb8 a5+ 53. Kb5 Kf6 54. Kc6 Nc5 55. Kxd6 Ne4+ 56. Kc7 a4 57.
Nd7+ Kg5 58. Nxe5 a3 59. f3 a2 60. h4+ Kf4 61. Nd3+ Kxf3 62. Ne5+ Ke3 63.
Nc4+ Kf2 64. d6 a1=Q 65. d7 Qb1 66. d8=Q Qc2 67. Qd4+ Kg2 68. Kd7 Kxh2 69.
Ke7 Qxc4 70. Qe5+ Kh3 71. Qf4 Qc5+ 72. Kf7 Qd6 73. Kg8 Qd7
{Game drawn because both players ran out of time}
1/2-1/2

[Event "ICCopen2017"]
[Site "Internet Chess Club"]
[Date "2017.03.19"]
[Round "5"]
[White "manneredmonkey"]
[Black "Jude"]
[Result "0-1"]
[ICCResult "White forfeits on time"]
[WhiteElo "1706"]
[BlackElo "1935"]
[Opening "English, 1...Nf6 (Anglo-Indian defense)"]
[ECO "A15"]
[NIC "EO.64"]
[Time "20:00:47"]
[TimeControl "180+0"]

1. c4 Nf6 2. g3 g6 3. Bg2 Bg7 4. Nc3 O-O 5. e4 d6 6. Nge2 c5 7. d3 Nc6 8.
O-O Ne8 9. h3 Nc7 10. f4 f5 11. Nd5 e6 12. Nxc7 Qxc7 13. Rb1 Bd7 14. Be3 Nd4
15. b4 Rad8 16. bxc5 dxc5 17. e5 Nxe2+ 18. Qxe2 Bc6 19. Rfd1 b6 20. d4 cxd4
21. Bxd4 Bxg2 22. Kxg2 Rc8 23. Rbc1 Rfd8 24. Kh2 Bf8 25. g4 Bc5 26. Bb2 Rxd1
27. Rxd1 Rd8 28. gxf5 Rxd1 29. Qxd1 gxf5 30. Bc1 Qg7 31. Qf1 Kf7 32. Bd2 Ke7
33. Be1 Kd7 34. Bh4 a5 35. Qd3+ Kc7 36. Qd8+ Kb7 37. Qd1 Kc6 38. Bf6 Qd7 39.
Qa4+ Kc7 40. Qc2 Qd4 41. Qg2 Qxf4+ 42. Qg3 Qxg3+ 43. Kxg3 Be3 44. Kf3 Bc1
45. h4 Kc6 46. Bd8 Ba3 47. h5 Bb2 48. Bf6 Kc5 49. Kf4 Kxc4 50. Kg5 Bc1+ 51.
Kh4 b5 52. Kg3 b4 53. Kf2 a4 54. Ke2 Kc3 55. Kd1 Kb2 56. Be7 b3 57. axb3
axb3 58. Bd6 Bf4 59. Bc5 Kb1 60. Bd4 b2 61. Ke2 Kc2 {White forfeits on time}
0-1

[Event "ICCopen2017"]
[Site "Internet Chess Club"]
[Date "2017.03.19"]
[Round "5"]
[White "wmanthony"]
[Black "canary2016"]
[Result "1-0"]
[ICCResult "Black forfeits on time"]
[WhiteElo "1289"]
[BlackElo "1145"]
[Opening "Caro-Kann: classical, 6.h4"]
[ECO "B18"]
[NIC "CK.11"]
[Time "20:01:03"]
[TimeControl "180+0"]

1. e4 c6 2. d4 d5 3. Nc3 dxe4 4. Nxe4 Bf5 5. Ng3 Bg6 6. h4 h6 7. h5 Bh7 8.
Nf3 Nd7 9. Bc4 e6 10. Be3 Ngf6 11. Qd2 Be7 12. O-O-O O-O 13. Ne5 Nxe5 14.
dxe5 Qxd2+ 15. Rxd2 Nd5 16. Bxd5 cxd5 17. Bd4 Rfc8 18. c3 Bg5 19. Be3 Bxe3
20. fxe3 Rc6 21. Rf1 Ra6 22. a3 b5 23. Rdf2 Rf8 24. Rf4 Rc6 25. e4 dxe4 26.
Nxe4 Bxe4 27. Rxe4 a5 28. Rd1 Rc4 29. Rxc4 bxc4 30. Rd6 Rc8 31. Rd4 Kh7 32.
g4 f6 33. exf6 gxf6 34. Kd1 Kg7 35. Ke2 e5 36. Rd7+ Kf8 37. Rh7 Rb8 38. Rh8+
{Black forfeits on time}
1-0

[Event "ICCopen2017"]
[Site "Internet Chess Club"]
[Date "2017.03.19"]
[Round "5"]
[White "Hesham-A"]
[Black "patterncircular"]
[Result "1-0"]
[ICCResult "Black checkmated"]
[WhiteElo "2511"]
[BlackElo "2109"]
[Opening "Réti opening"]
[ECO "A04"]
[NIC "QP.11"]
[Time "20:01:01"]
[TimeControl "180+0"]

1. Nf3 d6 2. g3 Nf6 3. Bg2 c6 4. O-O e5 5. d3 Be7 6. c4 O-O 7. Nc3 Qc7 8. b4
Bg4 9. b5 Nbd7 10. a4 Nc5 11. Ba3 Nfd7 12. h3 Bh5 13. g4 Bg6 14. a5 a6 15.
bxc6 bxc6 16. Nd2 Rab8 17. Na4 Ne6 18. Kh2 h6 19. Nb3 Rfe8 20. e3 d5 21.
Bxe7 Rxe7 22. cxd5 cxd5 23. Kg1 Rb5 24. Rc1 Qb8 25. Na1 Ndc5 26. Nc3 Nxd3
27. Nxb5 Nxc1 28. Nc3 d4 29. Nd5 Rd7 30. Qxc1 d3 31. Rd1 e4 32. Qc4 h5 33.
gxh5 Bf5 34. h6 Kh7 35. hxg7 Kxg7 36. Qc3+ Kf8 37. Qh8# {Black checkmated}
1-0

[Event "ICCopen2017"]
[Site "Internet Chess Club"]
[Date "2017.03.19"]
[Round "5"]
[White "demchog97"]
[Black "Voltage"]
[Result "0-1"]
[ICCResult "White forfeits on time"]
[WhiteElo "1964"]
[BlackElo "2378"]
[Opening "Queen's pawn: Torre attack"]
[ECO "A46"]
[NIC "QP.04"]
[Time "20:00:40"]
[TimeControl "180+0"]

1. d4 Nf6 2. Nf3 e6 3. Bg5 Be7 4. Nbd2 d5 5. e3 O-O 6. Bd3 c5 7. c3 Nc6 8.
O-O b6 9. Qe2 Bb7 10. a3 h6 11. Bh4 Rc8 12. b4 Qc7 13. b5 Na5 14. Ne5 cxd4
15. cxd4 Qd8 16. f4 Ne4 17. Bxe7 Qxe7 18. Ndf3 Rc3 19. g4 Nc4 20. g5 hxg5
21. Bxe4 Rxe3 22. Qf2 dxe4 23. Nxg5 f6 24. Ng6 Qe8 25. Nxf8 Qxf8 26. Nxe6
Qe8 27. f5 Bc8 28. d5 Bxe6 29. dxe6 Rf3 30. Qc2 Ne3 31. Qxe4 Rxf1+ 32. Rxf1
Nxf1 33. Kxf1 Qe7 34. Qc6 Kh7 35. Qd7 Qxa3 36. e7 Qf3+ 37. Ke1 Qe3+ 38. Kd1
Qb3+ 39. Kc1 Qc3+ 40. Kb1 Qb3+ 41. Ka1 Qa4+ 42. Kb1 Qb4+ 43. Ka1 Qa4+ 44.
Kb1 Qb4+ 45. Kc1 Qe1+ 46. Kc2 Qe4+ 47. Kb2 Qe2+ {White forfeits on time} 0-1

[Event "ICCopen2017"]
[Site "Internet Chess Club"]
[Date "2017.03.19"]
[Round "5"]
[White "shirovinster"]
[Black "BronStorm"]
[Result "0-1"]
[ICCResult "White forfeits on time"]
[WhiteElo "1592"]
[BlackElo "1868"]
[Opening "English: Bremen, reverse dragon"]
[ECO "A22"]
[NIC "EO.10"]
[Time "20:00:40"]
[TimeControl "180+0"]

1. c4 Nf6 2. Nc3 e5 3. g3 d5 4. cxd5 Nxd5 5. Bg2 Nb6 6. Nf3 Nc6 7. O-O Be7
8. d4 exd4 9. Nb5 Bf6 10. e3 dxe3 11. Qxd8+ Bxd8 12. Bxe3 O-O 13. Bf4 Nd5
14. Bd2 a6 15. Nc3 Nxc3 16. Bxc3 Be6 17. Rad1 Be7 18. Nd2 Rab8 19. a3 Bd6
20. Ne4 Be5 21. f4 Bxc3 22. Nxc3 Ne7 23. Rfe1 b6 24. Ne4 h6 25. Nc3 Rfd8 26.
Kf2 Kf8 27. h3 Bb3 28. Rxd8+ Rxd8 29. Re2 Bc4 30. Rc2 Bb3 31. Re2 Nf5 32. g4
Nd4 33. Rd2 Ke7 34. Ne4 Ne6 35. Rxd8 Nxd8 36. Ke3 Bd5 37. Kd4 Bb7 38. Bf1
Ne6+ 39. Ke3 Bxe4 40. Kxe4 a5 41. f5 Nc5+ 42. Kd5 Kd8 43. Kc6 Nd7 44. b4
axb4 45. axb4 f6 46. Be2 Ne5+ 47. Kd5 Kd7 48. b5 Nf7 49. h4 Nd6 50. Bd3 Nf7
51. Be2 Ne5 52. g5 hxg5 53. hxg5 Ke7 54. g6 Kd7 55. Bd1 Nd3 56. Bc2 Nb4+ 57.
Kc4 Nxc2 58. Kc3 Kd6 59. Kxc2 Kc5 60. Kc3 Kxb5 61. Kb3 c5 62. Kc3 c4 63. Kd4
Kb4 64. Kd5 c3 65. Ke6 c2 66. Kf7 c1=Q 67. Kxg7 Qg5 68. Kf7 Qxf5 69. g7 Qg5
70. g8=Q Qxg8+ 71. Kxg8 f5 72. Kf7 f4 73. Ke6 f3 74. Kd6 f2 75. Kc7 f1=Q 76.
Kb7 Qc4 {White forfeits on time} 0-1

[Event "ICCopen2017"]
[Site "Internet Chess Club"]
[Date "2017.03.19"]
[Round "5"]
[White "zxgifteD"]
[Black "saya"]
[Result "0-1"]
[ICCResult "White resigns"]
[WhiteElo "2203"]
[BlackElo "2796"]
[Opening "Sicilian: Scheveningen, English variation"]
[ECO "B90"]
[NIC "SI.14"]
[Time "20:00:36"]
[TimeControl "180+0"]

1. e4 c5 2. Nc3 a6 3. Nf3 d6 4. d4 cxd4 5. Nxd4 Nf6 6. Be3 e6 7. Qd2 b5 8.
a3 Bb7 9. f3 Be7 10. O-O-O Nbd7 11. g4 Rc8 12. g5 Nh5 13. h4 Ne5 14. Bh3 Nc4
15. Qd3 Nxe3 16. Qxe3 Qb6 17. Qd2 Rc4 18. Nxe6 fxe6 19. Bxe6 Rc5 20. f4 b4
21. axb4 Qxb4 22. f5 Ng3 23. Rhe1 Rxc3 24. Qxc3 Qxc3 25. bxc3 Nxe4 26. Bd5
Bxd5 27. Rxd5 Nxc3 28. Rd3 Na2+ 29. Kb2 Nb4 30. Rb3 Nc6 31. f6 gxf6 32. gxf6
Kd7 33. fxe7 Re8 34. Rb7+ Kc8 35. Rb6 Kc7 36. Rxa6 Ne5 37. Ra7+ Kc6 38. Rea1
Nc4+ 39. Kc3 Nb6 40. R1a6 Kb5 41. Ra5+ Kc6 42. R5a6 Kb5 43. Ra5+ Kc6 44.
R7a6 d5 45. Ra7 Kd6 46. R5a6 Kc5 47. Ra5+ Kc6 48. Kd4 h5 49. Ke5 Nc4+ 50.
Kf6 Nxa5 51. Rxa5 Kd6 52. Ra6+ Kd7 53. Ra7+ Kd6 54. Kf7 Rh8 55. e8=Q Rh7+
56. Kg6 Rxa7 57. Qe3 Re7 58. Qf4+ Kc5 59. Kf6 Re2 60. Qf2+ Rxf2+ 61. Kg5
Rxc2 62. Kxh5 Rh2 63. Kg6 d4 64. h5 d3 65. h6 d2 66. h7 d1=Q 67. h8=Q Qg4+
68. Kf7 Rxh8 {White resigns} 0-1

[Event "ICCopen2017"]
[Site "Internet Chess Club"]
[Date "2017.03.19"]
[Round "5"]
[White "CristianS"]
[Black "adypady"]
[Result "0-1"]
[ICCResult "White forfeits on time"]
[WhiteElo "1997"]
[BlackElo "2449"]
[Opening "Robatsch defense: two knights, Suttles variation"]
[ECO "B06"]
[NIC "KF.05"]
[Time "20:00:48"]
[TimeControl "180+0"]

1. e4 g6 2. d4 Bg7 3. Nc3 d6 4. Nf3 c6 5. Be2 Nf6 6. O-O b5 7. a3 O-O 8. Re1
Nbd7 9. e5 Ne8 10. e6 fxe6 11. Ng5 Ndf6 12. Bf3 Nc7 13. Bxc6 Rb8 14. Bf3 a5
15. Nge4 Nfd5 16. Nxd5 exd5 17. Ng3 e5 18. dxe5 dxe5 19. c3 Kh8 20. Be3 Qd6
21. Qd2 Bb7 22. Rad1 Rbd8 23. Ne4 Qc6 24. Nc5 Bc8 25. b4 Bf5 26. Qa2 h6 27.
Qd2 Kh7 28. Be2 Bc8 29. Qc2 d4 30. cxd4 exd4 31. Bc1 axb4 32. axb4 Nd5 33.
Bd3 Nxb4 34. Qb1 Qxc5 35. Ba3 Nxd3 36. Bxc5 Nxc5 37. Qxb5 Ne6 38. Qb3 Nf4
39. Re7 Nd5 40. Ra7 Be6 41. Re1 Bg8 42. Qb7 Rf7 43. Qa6 Rxa7 44. Qxa7 d3 45.
Qa2 Nc3 46. Qd2 Rb8 47. h3 Rd8 48. Re7 Kh8 49. h4 Nd5 50. h5 Nxe7 51. hxg6
Nxg6 52. g4 Ne5 53. g5 Nf3+ 54. Kh1 Nxd2 55. gxh6 Bd5+ {White forfeits on
time} 0-1

[Event "ICCopen2017"]
[Site "Internet Chess Club"]
[Date "2017.03.19"]
[Round "5"]
[White "MLorenzini"]
[Black "Blitzyy"]
[Result "0-1"]
[ICCResult "White checkmated"]
[WhiteElo "1981"]
[BlackElo "1687"]
[Opening "Sicilian: Hungarian variation"]
[ECO "B27"]
[NIC "SI.43"]
[Time "20:01:27"]
[TimeControl "180+0"]

1. e4 c5 2. Nf3 g6 3. c3 Bg7 4. d4 cxd4 5. cxd4 d5 6. e5 Nc6 7. h3 e6 8. Nc3
Nge7 9. Bd3 Qb6 10. O-O O-O 11. Be3 Qxb2 12. Nb5 a6 13. Nd6 Qb6 14. Qd2 Rb8
15. Rab1 Qa7 16. Rfc1 Bd7 17. Bg5 Nc8 18. Nxc8 Rfxc8 19. Qf4 b5 20. Bf6 Bf8
21. h4 Nb4 22. Be2 Nxa2 23. Rxc8 Rxc8 24. h5 Nc3 25. Re1 Nxe2+ 26. Rxe2 Qc7
27. Ng5 Qc1+ 28. Qxc1 Rxc1+ 29. Kh2 b4 30. hxg6 fxg6 31. f4 b3 32. Rb2 Rc3
33. Nf3 Ba3 34. Rb1 b2 35. f5 exf5 36. Bg5 Rc1 37. Nd2 Ba4 38. e6 Bc2 39.
Rxb2 Bxb2 40. e7 Kf7 41. Nf3 Ra1 42. Ne5+ Ke8 43. Nc6 Ba3 44. Kg3 Bd6+ 45.
Kf2 Ba4 46. Nd8 Bxe7 47. Ne6 Bxg5 48. Nxg5 h6 49. Nf3 Ra3 50. Ne5 Bb5 51.
Nxg6 a5 52. Nf4 Rb3 53. Nxd5 a4 54. Nc7+ Kd7 55. Nd5 a3 56. Nf6+ Ke6 57. Ng8
a2 58. d5+ Kxd5 59. Nxh6 Kd4 60. Nxf5+ Ke5 61. Nh4 a1=Q 62. Ng6+ Kf6 63. Nh4
Qa2+ 64. Kg1 Rg3 65. Kh2 Qf2 66. Kh1 Bc6 67. Nf3 Rxg2 68. Ng5 Qg1#
{White checkmated}
0-1

[Event "ICCopen2017"]
[Site "Internet Chess Club"]
[Date "2017.03.19"]
[Round "5"]
[White "jasrom"]
[Black "tonychess2014"]
[Result "1-0"]
[ICCResult "Black checkmated"]
[WhiteElo "2162"]
[BlackElo "1845"]
[Opening "Pirc: Austrian attack, dragon formation"]
[ECO "B09"]
[NIC "PU.05"]
[Time "20:00:55"]
[TimeControl "180+0"]

1. e4 d6 2. d4 Nf6 3. Nc3 g6 4. f4 Bg7 5. Nf3 c5 6. dxc5 Qa5 7. Bd3 dxc5 8.
Qe2 O-O 9. Bd2 Nc6 10. O-O Bg4 11. Qe1 Qd8 12. Be3 Bxf3 13. Rxf3 Nd4 14. Rh3
Ng4 15. Qh4 h5 16. f5 Nxe3 17. Rxe3 e6 18. Qh3 exf5 19. exf5 Qg5 20. Rg3 Qf4
21. Rf1 Qe5 22. fxg6 fxg6 23. Bxg6 Rxf1+ 24. Kxf1 Rf8+ 25. Rf3 Nxf3 26. gxf3
Qg5 27. Be4 Bd4 28. Qe6+ Kh8 29. Ke2 Qe3+ 30. Kd1 Qg1+ 31. Kd2 Qe3+ 32. Kd1
Qg1+ 33. Ke2 Qf2+ 34. Kd3 Qf1+ 35. Ne2 Bg7 36. Qg6 Qd1+ 37. Ke3 Bd4+ 38.
Nxd4 Qxd4+ 39. Ke2 Qg7 40. Qxh5+ Qh7 41. Qxh7# {Black checkmated} 1-0

[Event "ICCopen2017"]
[Site "Internet Chess Club"]
[Date "2017.03.19"]
[Round "5"]
[White "e8thatcat"]
[Black "marinocid"]
[Result "0-1"]
[ICCResult "White forfeits on time"]
[WhiteElo "1374"]
[BlackElo "1834"]
[Opening "Benoni defense, Hromodka system"]
[ECO "A56"]
[NIC "BI.38"]
[Time "20:01:00"]
[TimeControl "180+0"]

1. d4 Nf6 2. c4 c5 3. d5 d6 4. Nc3 g6 5. Nf3 Bg7 6. e4 b5 7. cxb5 a6 8. bxa6
O-O 9. Bd3 Bxa6 10. O-O Qb6 11. Qe2 Nbd7 12. Bxa6 Qxa6 13. Qxa6 Rxa6 14. a3
Rb8 15. Rb1 Ne8 16. Bd2 Nc7 17. Rfe1 Rb3 18. Bf4 Rab6 19. Na4 Ra6 20. Nc3 f6
21. Nd2 Rb7 22. Nc4 Nb6 23. Nxb6 Raxb6 24. Na4 Rb3 25. Bd2 Nb5 26. Nc3 Nd4
27. Be3 Rxb2 28. Bxd4 cxd4 29. Rxb2 Rxb2 30. Ne2 d3 31. Nd4 f5 32. Ne6 Bc3
33. Rd1 d2 34. g3 Rc2 35. Kf1 fxe4 36. Ke2 Ra2 37. Ng5 Rxa3 38. Nxe4 Ba5 39.
Nxd2 Ra2 {White forfeits on time} 0-1

[Event "ICCopen2017"]
[Site "Internet Chess Club"]
[Date "2017.03.19"]
[Round "5"]
[White "BotanicalKnight"]
[Black "moonriver"]
[Result "1-0"]
[ICCResult "Black forfeits on time"]
[WhiteElo "1522"]
[BlackElo "1364"]
[Opening "Caro-Kann defense"]
[ECO "B10"]
[NIC "CK.01"]
[Time "20:01:08"]
[TimeControl "180+0"]

1. e4 c6 2. f4 d6 3. g3 Qc7 4. Bg2 e5 5. d3 Nf6 6. Nf3 Bg4 7. h3 Bxf3 8.
Qxf3 Nbd7 9. g4 h6 10. Nc3 Be7 11. O-O b5 12. a3 a5 13. Bd2 O-O 14. Qg3 Nh7
15. h4 g5 16. hxg5 hxg5 17. f5 f6 18. Kf2 Kg7 19. Rh1 Rh8 20. Rh5 Rag8 21.
Rah1 Nhf8 22. Rxh8 Rxh8 23. Rxh8 Kxh8 24. Qh3+ Kg8 25. Ne2 Qd8 26. d4 Qe8
27. Bxa5 Qf7 28. Bd2 c5 29. c3 Nb6 30. dxe5 dxe5 31. Be3 Nc4 32. Bc1 Qh7 33.
Qd3 Qh4+ 34. Qg3 Qxg3+ 35. Kxg3 Nd7 36. Ng1 Ndb6 37. Bf1 Na4 38. Bxc4+ bxc4
39. Ne2 Bd6 40. Kf3 Nb6 41. Ng3 Nd7 42. Nh5 Kf7 43. Bd2 Nb6 44. Ng3 Be7 45.
Ke3 Bd6 46. Ne2 Be7 47. Nc1 Bd6 48. b3 cxb3 49. Nxb3 c4 50. Nc1 Na4 51. Ne2
Bxa3 52. Be1 Bb2 53. Ng3 Bxc3 54. Nh5 {Black forfeits on time} 1-0

[Event "ICCopen2017"]
[Site "Internet Chess Club"]
[Date "2017.03.19"]
[Round "5"]
[White "shredded"]
[Black "AbasovN"]
[Result "0-1"]
[ICCResult "White forfeits on time"]
[WhiteElo "2775"]
[BlackElo "3142"]
[Opening "Nimzo-Indian: Reshevsky variation"]
[ECO "E46"]
[NIC "NI.10"]
[Time "20:00:56"]
[TimeControl "180+0"]

1. d4 Nf6 2. c4 e6 3. Nc3 Bb4 4. e3 O-O 5. Ne2 d5 6. a3 Be7 7. cxd5 exd5 8.
Nf4 c6 9. Bd3 Na6 10. O-O Nc7 11. f3 Bd6 12. Bd2 Re8 13. Qc2 Ne6 14. Nxe6
Bxe6 15. Be1 Rc8 16. Bh4 h6 17. Bf2 c5 18. dxc5 Bxc5 19. Rad1 Qc7 20. Na4
Bxe3 21. Qxc7 Bxf2+ 22. Kxf2 Rxc7 23. Rfe1 Rec8 24. Nc3 a6 25. Ne2 Bd7 26.
Nd4 Ba4 27. Rd2 g6 28. h4 Bd7 29. g4 Kf8 30. Ree2 Rc1 31. Rc2 R8xc2 32. Rxc2
Rxc2+ 33. Bxc2 Ke7 34. Ke3 Kd6 35. g5 hxg5 36. hxg5 Ne8 37. f4 Ng7 38. b4
Bg4 39. Bd3 Ne8 40. Bc2 Nc7 41. Bd3 Na8 42. Nb3 Nb6 43. Nc5 Bc8 44. a4 Na8
45. a5 Nc7 46. Nb3 d4+ 47. Kxd4 Nd5 48. Be4 Nxf4 49. Nc5 Nh3 50. Nxb7+ Kc7
51. Nc5 Nxg5 52. Bd3 Kc6 53. Nxa6 Ne6+ 54. Ke3 Bxa6 55. Bxa6 Nc7 56. Bc4 f6
57. Kd4 g5 58. Ke4 Ne8 59. b5+ Kc5 60. Bf1 Nd6+ 61. Kf3 Nxb5 62. a6 Nc7 63.
Kg4 Kd6 64. Kf5 Ke7 65. a7 Kf7 66. Bg2 Ke7 67. Bd5 Nxd5 68. a8=Q Ne3+ 69.
Ke4 Ng4 70. Qa7+ Ke6 71. Kf3 Ne5+ 72. Kf2 f5 73. Kg2 Kf6 74. Qb6+ Kg7 75.
Qg6+ Nxg6 76. Kg1 Kf6 77. Kh2 f4 78. Kh1 Kf5 {White forfeits on time} 0-1

[Event "ICCopen2017"]
[Site "Internet Chess Club"]
[Date "2017.03.19"]
[Round "5"]
[White "Lzmann"]
[Black "SWAT-TEAM"]
[Result "1/2-1/2"]
[ICCResult "Game drawn because neither player has mating material"]
[WhiteElo "1668"]
[BlackElo "1863"]
[Opening "Old Indian: main line"]
[ECO "A55"]
[NIC "OI.07"]
[Time "20:00:57"]
[TimeControl "180+0"]

1. d4 d6 2. c4 Nd7 3. Nc3 e5 4. e4 Ngf6 5. Nf3 Be7 6. h3 O-O 7. Be2 c5 8.
dxe5 dxe5 9. Be3 b6 10. Qc2 Bb7 11. Rd1 Qc8 12. Nd5 Nxd5 13. cxd5 Bd6 14. b3
h6 15. O-O Ba6 16. Nh4 Bxe2 17. Qxe2 Nf6 18. Nf5 Ne8 19. Qh5 Qd8 20. Bxh6
Qf6 21. Bg5 Qg6 22. Qg4 f6 23. Be3 Qxg4 24. hxg4 Kf7 25. g3 Rd8 26. Kg2 Rh8
27. Rh1 Rxh1 28. Rxh1 Kg8 29. f4 exf4 30. gxf4 Bf8 31. Kf3 Nd6 32. Nxd6 Bxd6
33. Rd1 Re8 34. Bc1 Kf7 35. Bb2 g6 36. Re1 Rh8 37. Kg3 g5 38. e5 gxf4+ 39.
Kxf4 fxe5+ 40. Bxe5 Bxe5+ 41. Rxe5 Rh1 42. Kg5 Rd1 43. Rf5+ Kg7 44. Kf4 Rf1+
45. Ke4 Re1+ 46. Kd3 Rd1+ 47. Kc2 Rg1 48. a4 Rxg4 49. Re5 Rg2+ 50. Kc3 Rg3+
51. Kc4 Rg4+ 52. Kb5 Rb4+ 53. Ka6 Rxb3 54. Kxa7 Rb4 55. Kb7 Rxa4 56. Re7+
Kf6 57. Re6+ Kf5 58. Kxb6 Rd4 59. Rc6 Rd2 60. d6 Ke4 61. Rxc5 Rxd6+ 62. Rc6
Rd5 63. Rc7 Ke5 64. Rc5 Kd4 65. Rxd5+ Kxd5
{Game drawn because neither player has mating material}
1/2-1/2